 Dungeon Crawl Stone Soup version 0.16.2-12-gd0ad4c3 (webtiles) character file.

59 faibistes the Magician (level 3, 0/19 HPs)
             Began as a Deep Elf Wizard on June 28, 2018.
             Killed from afar by an orc wizard (10 damage)
             ... with a puff of frost
             ... on level 3 of the Dungeon.
             The game lasted 00:04:03 (1980 turns).

faibistes the Magician (Deep Elf Wizard)            Turns: 1980, Time: 00:04:03

Health: 0/19       AC:  2    Str:  4    XL:     3   Next: 78%
Magic:  10/14      EV: 13    Int: 27    God:
Gold:   46         SH:  0    Dex: 13    Spells: 5 memorised, 1 level left

rFire  . . .     SeeInvis .     e - +0 dagger
rCold  . . .     Clarity  .     a - +0 robe
rNeg   . . .     SustAb   .     (no shield)
rPois  .         Gourm    .     b - +0 hat
rElec  .         Spirit   .     (no cloak)
rCorr  .         Warding  .     (no gloves)
rMut   .         Stasis   .     (no boots)
MR     .....                    (no amulet)
Stlth  ++........               (no ring)
                                i - +4 ring of intelligence

@: very slightly contaminated, not resistant to hostile enchantments, unstealthy
A: no striking features
a: no special abilities


You were on level 3 of the Dungeon.
You were not hungry.

You visited 1 branch of the dungeon, and saw 4 of its levels.

You collected 46 gold pieces.

Inventory:

Hand weapons
 e - a +0 dagger (weapon)
Armour
 a - a +0 robe (worn)
 b - a +0 hat (worn)
Jewellery
 i - a +4 ring of intelligence (left hand)
Scrolls
 f - 2 scrolls of noise {unknown}
 g - a scroll of fear {unknown}
 h - a scroll of teleportation {unknown}
 k - a scroll of identify {unknown}
 l - a scroll of remove curse {unknown}
Books
 c - a book of Minor Magic

   Spells                             Type                      Level
   a - Magic Dart                     Conjuration                  1
   b - Blink                          Translocation                2
   c - Call Imp                       Summoning                    2
   d - Repel Missiles                 Charms/Air                   2
   e - Slow                           Hexes                        2
   f - Conjure Flame                  Conjuration/Fire             3
   g - Mephitic Cloud                 Conjuration/Poison/Air       3
Comestibles
 d - a bread ration
 j - a meat ration


   Skills:
 + Level 3.0 Dodging
 - Level 2.4 Stealth
 * Level 5.2 Spellcasting
 * Level 2.9 Conjurations
 - Level 1.1 Summonings
 - Level 1.1 Translocations


You had one spell level left.
You knew the following spells:

 Your Spells              Type           Power        Failure   Level  Hunger
a - Magic Dart            Conj           ###.         1%          1    None
b - Conjure Flame         Conj/Fire      ##......     14%         3    #......
c - Call Imp              Summ           ##......     10%         2    None
d - Blink                 Tloc           N/A          10%         2    None
e - Mephitic Cloud        Conj/Pois/Air  ##......     17%         3    #......


Dungeon Overview and Level Annotations

Branches:
Dungeon (4/15)
 Temple: D:4-7

Altars:


Message History

Casting: Magic Dart
Confirm with . or Enter, or press ? or * to list all spells.
Aiming: Magic Dart
Press: ? - help, Shift-Dir - straight line, f - orc
Aim: an orc, wielding a club The magic dart hits the orc.
The orc is heavily wounded.
The orc hits you with a club.
Casting: Magic Dart
Confirm with . or Enter, or press ? or * to list all spells.
Aiming: Magic Dart
Press: ? - help, Shift-Dir - straight line, f/p - orc
Aim: an orc, wielding a club (heavily wounded)
The magic dart hits the orc.
The orc is severely wounded.
The orc hits you with a club.
The orc wizard gestures at you while chanting.
The puff of frost hits you!
Ouch! That really hurt!
You die...

#...# #.†.## ##...o###
#(......# #..§....##
#.>......###
##....##...#
..####..#####.##..##.
....>....go@.....o.....
..###########......##
......## ..<...#
......## ...##... ....#
## ..# .


You could see an orc wizard, an orc and a hobgoblin.

Vanquished Creatures
  2 adders (D:2)
  A giant gecko (D:3)
  2 orcs (D:2)
  A giant cockroach (D:1)
  5 goblins
  5 hobgoblins (D:1)
  3 bats
  3 giant newts
  8 kobolds
  4 rats
34 creatures vanquished.

Vanquished Creatures (collateral kills)
  2 jackals (D:1)
  A giant gecko skeleton (D:4)
3 creatures vanquished.

Grand Total: 37 creatures vanquished

Notes
Turn   | Place    | Note
--------------------------------------------------------------
     0 | D:1      | faibistes, the Deep Elf Wizard, began the quest for the Orb.
     0 | D:1      | Reached XP level 1. HP: 10/10 MP: 6/6
   269 | D:1      | Reached XP level 2. HP: 15/15 MP: 5/10
   345 | D:1      | Learned a level 2 spell: Blink
   348 | D:1      | Learned a level 2 spell: Call Imp
   524 | D:1      | Reached skill level 5 in Spellcasting
  1016 | D:3      | Reached XP level 3. HP: 19/19 MP: 11/14
  1021 | D:3      | Learned a level 3 spell: Conjure Flame
  1025 | D:3      | Learned a level 3 spell: Mephitic Cloud
  1980 | D:3      | Killed from afar by an orc wizard

Action                   || total
-------------------------++-------
Melee: Dagger            ||     9
 Cast: Magic Dart        ||    79
       Call Imp          ||     5
       Mephitic Cloud    ||     6
       Blink             ||     2
  Use: Potion            ||     1
  Eat: Chunk             ||     3
